 Dungeon Crawl Stone Soup version 0.21.1-1-g345015f (webtiles) character file.

2665 Merlin the Basher (level 9, -9/69 HPs)
             Began as a Demonspawn Chaos Knight on July 12, 2018.
             Killed from afar by a balrug (23 damage)
             ... with a fireball
             ... on level 2 of the Abyss.
             The game lasted 00:45:43 (5442 turns).

Merlin the Basher (Demonspawn Chaos Knight)         Turns: 5442, Time: 00:45:44

Health: -9/69      AC: 12    Str: 16    XL:     9   Next: 36%
Magic:  0/10       EV: 12    Int: 13    God:    Xom [......]
Gold:   249        SH:  0    Dex: 15    Spells: 6/10 levels left

rFire    . . .     SeeInvis .   p - +9 mace "Jiyhisku" {flame, rN++}
rCold    + + .     Gourm    .   (no shield)
rNeg     + + .     Faith    .   N - +2 scale mail {rC+}
rPois    .         Spirit   +   (helmet restricted)
rElec    .         Reflect  .   (no cloak)
rCorr    .         Harm     .   E - +2 pair of gloves
MR       .....                  (no boots)
Stlth    +.........             (no amulet)
HPRegen  0.21/turn              d - ring of wizardry
MPRegen  0.24/turn              k - ring of flight

@: about to teleport
A: antennae 1, claws 1, cold resistance 1, powered by death 2, strong 1, magic
shield, magic regeneration, sturdy frame 1
a: Renounce Religion, Evoke Flight


You were on level 2 of the Abyss.
You worshipped Xom.
You were a very special plaything of Xom.
You were not hungry.

You visited 1 branch of the dungeon, and saw 8 of its levels.
You visited the Abyss 1 time.
You also visited: Sewer and Ossuary.

You collected 417 gold pieces.
You spent 168 gold pieces at shops.

Inventory:

Hand Weapons
 a - a +0 mace of chaos
 p - the +9 mace "Jiyhisku" (weapon) {flame, rN++}
   (You found it on level 5 of the Dungeon)

   It has been specially enchanted to burn those struck by it, causing extra
   injury to most foes and up to half again as much damage against particularly
   susceptible opponents.
   It greatly protects you from negative energy.
 L - the +6 hunting sling of Bloody Death {speed, rElec rPois Int+5}
   (You found it on level 6 of the Dungeon)

   Attacks with this weapon are significantly faster.
   It affects your intelligence (+5).
   It insulates you from electricity.
   It protects you from poison.
 M - a +0 vampiric lajatang
 O - a +2 war axe of chopping
Missiles
 f - 11 sling bullets
Armour
 b - a +2 leather armour
 i - a +0 helmet
 u - a +0 ring mail
 E - a +2 pair of gloves (worn)
 N - a +2 scale mail of cold resistance (worn)
 R - a +0 hat
Jewellery
 d - a ring of wizardry (left hand)
 k - a ring of flight (right hand)
 Q - an uncursed ring of magical power {unknown}
Wands
 x - a wand of digging (15)
 C - a wand of paralysis (14)
 D - a wand of iceblast (11)
Scrolls
 e - 5 scrolls of teleportation
 g - 3 scrolls of magic mapping
 h - a scroll of fear
 l - 2 scrolls of amnesia
 m - 7 scrolls of remove curse
 n - 5 scrolls of identify
 o - a scroll of enchant weapon {unknown}
 w - 2 scrolls of fog
 G - 2 scrolls of blinking
 K - a scroll of holy word {unknown}
Potions
 j - 2 potions of lignification
 r - 2 potions of agility
 s - 2 potions of flight
 t - 2 potions of ambrosia
 v - a potion of mutation
 z - a potion of brilliance {unknown}
 A - 4 potions of curing
 F - a potion of haste {unknown}
 H - a potion of magic {unknown}
 I - a potion of might
 J - a potion of resistance {unknown}
Books
 q - a book of Minor Magic

   Spells                             Type                      Level
   a - Magic Dart                     Conjuration                  1
   b - Blink                          Translocation                2
   c - Call Imp                       Summoning                    2
   d - Slow                           Hexes                        2
   e - Conjure Flame                  Conjuration/Fire             3
   f - Mephitic Cloud                 Conjuration/Poison/Air       3
 y - a book of Conjurations

   Spells                             Type                      Level
   a - Magic Dart                     Conjuration                  1
   b - Searing Ray                    Conjuration                  2
   c - Dazzling Spray                 Conjuration/Hexes            3
   d - Fulminant Prism                Conjuration/Hexes            4
   e - Force Lance                    Conjuration/Translocation    4
   f - Iskenderun's Mystic Blast      Conjuration                  4
Comestibles
 c - 11 rations


   Skills:
 + Level 6.1 Fighting
 + Level 8.2 Maces & Flails
 + Level 4.2 Armour
 + Level 4.1 Dodging
 + Level 3.9 Stealth
 + Level 1.2 Spellcasting
 + Level 1.5 Hexes
 + Level 0.8 Evocations


You had 6 spell levels left.
You knew the following spells:

 Your Spells              Type           Power        Failure   Level  Hunger
a - Blink                 Tloc           N/A          34%         2    ###....
b - Slow                  Hex            #.......     19%         2    ###....


Dungeon Overview and Level Annotations

Branches:
Dungeon (8/15)             Temple (0/1) D:5
   Lair: D:8-11

Altars:
Cheibriados
Nemelex Xobeh
Ru
Sif Muna
Trog
Xom

Shops:
D:7 [

Annotations:
D:8 Gastronok


Innate Abilities, Weirdness & Mutations

You have sharp fingernails.
You regenerate health from kills.
When hurt, damage is shared between your health and your magic reserves.
You regenerate magic rapidly.
Your movements are slightly less encumbered by armour. (ER -2)
You have a pair of small antennae on your head.
Your flesh is cold resistant. (rC+)
Your muscles are strong. (Str +2)


Message History

Your hellwing hits the balrug. Something hits your hellwing!
You hear a trumpeting!
You hear a bark!
Found 11 gold pieces.
Something closely misses your hellwing.
Your hellwing barely misses the balrug.
Your hellwing closely misses the balrug.
Something barely misses your hellwing.
Your crimson imp hits the balrug.
Something hits your hellwing!!
Your hellwing dies!
The balrug gestures at you. Something smites you!
* * * LOW HITPOINT WARNING * * *
Your crimson imp hits the balrug.
Your crimson imp misses the balrug.
A red devil comes into view. It is wielding a trident of freezing.
A hellephant comes into view.
The hellephant trumpets!
The balrug gestures at you.
The fireball explodes!
The fireball engulfs you!
You die...
Xom howls with laughter!

... #ยง44..#.#....
.... #5...#.$....
##..##.2.......#
#..........#....###
#...........#......
#..#. ...x......#
#.#.....#..#....# .
# #..
....#.....#.... #
#####+#####@.......
. ..
...Y........... .
#.....#.#.$....
..###.#...#.... .
#.. # ... .# ....
.. ## .... . .....


You could see a hellephant, a balrug, a small abomination and a friendly crimson
imp.

Vanquished Creatures
  A spriggan (D:7)
  The ghost of dscm the Digger, an amateur OpEE (D:5)
  2 ice beasts
  3 sky beasts
  A black bear (D:7)
  2 ogres
  2 phantoms
  4 centaurs
  A big kobold (Sewer)
  A bullfrog (D:6)
  3 killer bees (D:7)
  2 crimson imps
  3 hounds
  2 jellies
  A bullfrog skeleton (D:7)
  2 orc priests (D:6)
  An iguana (D:4)
  An orc wizard (D:6)
  Natasha (thrice) (D:3)
  2 worker ants
  A hound zombie (Ossuary)
  2 hound skeletons
  4 mummies (Ossuary)
  7 gnolls
  A howler monkey skeleton (D:4)
  14 adders
  A river rat (Sewer)
  3 oozes (Sewer)
  3 adder zombies (Ossuary)
  2 adder skeletons
  5 worms
  2 dart slugs
  4 leopard geckos
  6 orcs
  10 bats
  6 giant cockroaches
  5 goblins
  6 hobgoblins
  10 jackals
  A quokka (D:5)
  7 ball pythons
  9 frilled lizards
  3 goblin zombies (Ossuary)
  A hobgoblin zombie (Ossuary)
  A jackal zombie (Ossuary)
  12 kobolds
  2 kobold zombies (Ossuary)
  A quokka zombie (D:4)
  4 rats
  2 rat zombies
173 creatures vanquished.

Vanquished Creatures (collateral kills)
  2 gnolls (D:3)
2 creatures vanquished.

Grand Total: 175 creatures vanquished

Notes
Turn   | Place    | Note
-------+----------+-------------------------------------------
     0 | D:1      | Merlin the Demonspawn Chaos Knight began the quest for the Orb.
     0 | D:1      | Reached XP level 1. HP: 18/18 MP: 1/1
    87 | D:1      | Reached skill level 3 in Maces & Flails
   116 | D:1      | Gained mutation: You regenerate a little health from kills. [demonic ancestry]
   116 | D:1      | Reached XP level 2. HP: 17/24 MP: 2/2
   129 | D:1      | XOM: divination: detect creatures
   445 | D:2      | Gained mutation: When hurt, damage is shared between your health and your magic reserves. [demonic ancestry]
   445 | D:2      | Reached XP level 3. HP: 29/29 MP: 3/3
   508 | D:2      | Found a sacrificial altar of Ru.
   587 | D:2      | XOM: harmless Hex miscast
   588 | D:2      | XOM: butterfly on damage
   709 | D:2      | XOM: harmless Conj miscast
   764 | D:2      | Gained mutation: Your movements are slightly less encumbered by armour. (ER -2) [demonic ancestry]
   764 | D:2      | Reached XP level 4. HP: 33/35 MP: 4/4
   774 | D:2      | Reached skill level 1 in Dodging
   810 | D:2      | XOM: smoke on damage
   879 | D:2      | XOM: harmless Fire miscast
  1086 | D:2      | Reached skill level 4 in Maces & Flails
  1210 | D:3      | XOM: enchant monster (good)
  1263 | D:3      | Gained mutation: You have sharp fingernails. [demonic ancestry]
  1263 | D:3      | Reached XP level 5. HP: 29/42 MP: 5/5
  1371 | D:3      | Noticed a phantom
  1372 | D:3      | XOM: divination: detect items
  1396 | D:3      | Noticed Natasha
  1402 | D:3      | XOM: confuse monster(s)
  1420 | D:3      | XOM: cleaving
  1433 | D:3      | Killed a phantom
  1440 | D:3      | Killed Natasha
  1505 | D:3      | XOM: confuse monster(s)
  1531 | D:3      | XOM: mild Ice miscast
  1535 | D:3      | Reached skill level 1 in Stealth
  1540 | D:3      | Gained mutation: You regenerate health from kills. [demonic ancestry]
  1540 | D:3      | Reached XP level 6. HP: 45/48 MP: 3/6
  1551 | D:3      | Noticed Natasha
  1551 | D:3      | Learned a level 2 spell: Blink
  1554 | D:3      | Learned a level 2 spell: Slow
  1557 | D:3      | XOM: potion effect (magic)
  1564 | D:3      | Killed Natasha
  1750 | D:3      | Noticed Natasha
  1762 | D:3      | XOM: scenery: create altars
  1773 | D:3      | Killed Natasha
  1923 | D:3      | Reached skill level 5 in Maces & Flails
  1951 | D:3      | Learned a level 2 spell: Blink
  1952 | D:3      | Gained mutation: You are somewhat resistant to further mutation. [potion of mutation]
  1959 | D:4      | Found a bloodstained altar of Trog.
  1979 | D:4      | Found a sand-covered staircase.
  1996 | Ossuary  | Entered an ossuary
  2136 | Ossuary  | XOM: butterfly on damage
  2836 | D:4      | XOM: confuse monster(s)
  2968 | D:4      | XOM: give mutations
  2968 | D:4      | Gained mutation: You are agile. (Dex +2) [Xom's mischief]
  2968 | D:4      | Gained mutation: You are dopey. (Int -2) [Xom's mischief]
  2968 | D:4      | Gained mutation: You possess an exceptional clarity of mind. [Xom's mischief]
  3024 | D:4      | XOM: 1-stop teleportation journey
  3063 | D:4      | Gained mutation: You regenerate magic rapidly. [demonic ancestry]
  3063 | D:4      | Reached XP level 7. HP: 36/54 MP: 5/7
  3134 | D:5      | Entered Level 5 of the Dungeon
  3166 | D:5      | XOM: swap monsters
  3263 | D:5      | Found a staircase to the Ecumenical Temple.
  3299 | D:5      | Noticed dscm's ghost (amateur OpEE)
  3308 | D:5      | Killed dscm's ghost
  3308 | D:5      | Reached skill level 6 in Maces & Flails
  3316 | D:5      | XOM: summons 1 hostile demon
  3324 | D:5      | Got an encrusted mace
  3348 | D:5      | Identified the +9 mace "Jiyhisku" {flame, rN++} (You found it on level 5 of the Dungeon)
  3419 | D:5      | XOM: 1-stop teleportation journey
  3442 | D:5      | Found a sparkling altar of Nemelex Xobeh.
  3458 | D:5      | XOM: harmless Pois miscast
  3490 | D:5      | Reached XP level 8. HP: 58/61 MP: 8/8
  3507 | D:5      | Found a snail-covered altar of Cheibriados.
  3571 | D:5      | Reached skill level 5 in Fighting
  3842 | D:6      | Found a deep blue altar of Sif Muna.
  3842 | D:6      | Found a shimmering altar of Xom.
  3880 | D:6      | Reached skill level 1 in Hexes
  3985 | D:6      | Reached skill level 1 in Spellcasting
  3989 | D:6      | Reached skill level 7 in Maces & Flails
  4144 | D:6      | Found a glowing drain.
  4162 | Sewer    | Entered a sewer
  4240 | Sewer    | XOM: mild Air miscast
  4259 | Sewer    | XOM: give mutations
  4259 | Sewer    | Lost mutation: You are dopey. (Int -2) [Xom's mischief]
  4259 | Sewer    | Gained mutation: You are dopey. (Int -2) [Xom's mischief]
  4259 | Sewer    | Gained mutation: Armour fits poorly on your strangely shaped body. [Xom's mischief]
  4259 | Sewer    | Lost mutation: You possess an exceptional clarity of mind. [Xom's mischief]
  4267 | Sewer    | Lost mutation: You are somewhat resistant to further mutation. [potion of mutation]
  4267 | Sewer    | Lost mutation: You are dopey. (Int -2) [potion of mutation]
  4267 | Sewer    | Lost mutation: Armour fits poorly on your strangely shaped body. [potion of mutation]
  4267 | Sewer    | Lost mutation: You are agile. (Dex +2) [potion of mutation]
  4267 | Sewer    | Gained mutation: You are weak. (Str -2) [potion of mutation]
  4267 | Sewer    | Gained mutation: Your flesh is cold resistant. (rC+) [potion of mutation]
  4267 | Sewer    | Gained mutation: Your flesh is heat resistant. (rF+) [potion of mutation]
  4268 | Sewer    | Lost mutation: You are weak. (Str -2) [potion of mutation]
  4268 | Sewer    | Lost mutation: Your flesh is heat resistant. (rF+) [potion of mutation]
  4268 | Sewer    | Gained mutation: You expend magic power (3 MP) to strengthen your wands. [potion of mutation]
  4268 | Sewer    | Gained mutation: You have a pair of small antennae on your head. [potion of mutation]
  4268 | Sewer    | Lost mutation: You expend magic power (3 MP) to strengthen your wands. [potion of mutation]
  4268 | Sewer    | Gained mutation: Your muscles are strong. (Str +2) [potion of mutation]
  4324 | Sewer    | XOM: harmless Necr miscast
  4517 | D:6      | XOM: smoke on damage
  4581 | D:6      | Got a jewelled hunting sling
  4582 | D:6      | Identified the +6 hunting sling of Bloody Death {speed, rElec rPois Int+5} (You found it on level 6 of the Dungeon)
  4661 | D:7      | XOM: harmless Summ miscast
  4664 | D:7      | Reached XP level 9. HP: 69/69 MP: 10/10
  4678 | D:7      | Found Zedameud's Antique Armour Shoppe.
  4684 | D:7      | Bought a glowing scale mail for 168 gold pieces
  4886 | D:7      | XOM: summons 1 hostile demon
  4887 | D:7      | Reached skill level 8 in Maces & Flails
  5188 | D:8      | Noticed Gastronok
  5191 | D:8      | XOM: god gift: 29 gold pieces
  5203 | D:8      | XOM: enchant monster (good)
  5237 | D:8      | XOM: blink monster(s)
  5239 | D:8      | XOM: enchant monster (bad)
  5290 | D:8      | XOM: 1-stop teleportation journey
  5349 | D:8      | Cast into level 2 of the Abyss (Xom)
  5427 | Abyss:2  | Noticed a balrug
  5429 | Abyss:2  | XOM: summons 9 friendly demons
  5432 | Abyss:2  | HP: 3/69 [balrug/divine providence (9)]
  5434 | Abyss:2  | Noticed a red devil
  5434 | Abyss:2  | Noticed a sun demon
  5442 | Abyss:2  | Noticed a red devil
  5442 | Abyss:2  | Noticed a hellephant
  5442 | Abyss:2  | Killed from afar by a balrug

Skill      XL: |  1  2  3  4  5  6  7  8  9 |
---------------+----------------------------+-----
Maces & Flails | 3 4 5 6 7 8 |  8.2
Armour         | 2 3 4 |  4.2
Dodging        | 1 2 3 4 |  4.1
Stealth        | 1 2 3 |  3.9
Fighting       | 4 5 6 |  6.1
Hexes          | 1 |  1.5
Spellcasting   | 1 |  1.2
Evocations     | |  0.8

Action                   |  1- 3 |  4- 6 |  7- 9 || total
-------------------------+-------+-------+-------++-------
Melee: Mace              |    90 |   322 |   253 ||   665
 Fire: Hunting sling     |       |       |    16 ||    16
 Cast: Slow              |       |       |     8 ||     8
 Abil: Evoke Flight      |       |       |     1 ||     1
Evoke: Wand              |       |       |     2 ||     2
  Use: Scroll            |       |    11 |     7 ||    18
       Potion            |       |     7 |     4 ||    11
 Stab: Paralysed         |       |     6 |       ||     6
       Confused          |       |     2 |     2 ||     4
       Distracted        |       |     1 |     1 ||     2
       Petrified         |       |     2 |     2 ||     4
       Petrifying        |       |       |     2 ||     2
       Sleeping          |       |       |     2 ||     2
  Eat: Chunk             |       |     4 |     6 ||    10
       Ration            |       |     1 |     1 ||     2
Armor: Leather armour    |    47 |   135 |    58 ||   240
       Scale mail        |       |       |    36 ||    36
Dodge: Dodged            |    67 |   282 |   187 ||   536
